 Dungeon Crawl Stone Soup version 0.27-a0-1332-g84bddb5ca7 (webtiles) character file.

Game seed: 1805914447688166217

222 SkeletonJelly the Chopper (level 5, -6/42 HPs)
             Began as a Demonspawn Fighter on June 25, 2021.
             Was an Initiate of Okawaru.
             Mangled by a gargoyle (15 damage)
             ... on level 5 of the Dungeon.
             The game lasted 00:07:25 (4858 turns).

SkeletonJelly the Chopper (Demonspawn Fighter)      Turns: 4858, Time: 00:07:26

Health: -6/42      AC: 12    Str: 18    XL:     5   Next: 66%
Magic:  6/6        EV:  7    Int:  9    God:    Okawaru [......]
Gold:   138        SH:  8    Dex: 12    Spells: 4/4 levels left

rFire    . . .     SeeInvis .   a - +0 war axe
rCold    . . .     Faith    .   c - +0 kite shield
rNeg     . . .     Spirit   .   m - +3 scale mail
rPois    .         Reflect  .   k - +0 helmet
rElec    .         Harm     .   (no cloak)
rCorr    .         Rampage  .   (no gloves)
Will     .....                  (no boots)
Stlth    ..........             (no amulet)
HPRegen  0.14/turn              (no ring)
MPRegen  0.10/turn              (no ring)

@: mighty
A: thin metallic scales 1, ignite blood 1
a: Renounce Religion


You were on level 5 of the Dungeon.
You worshipped Okawaru.
Okawaru was noncommittal.
You visited 2 branches of the dungeon, and saw 6 of its levels.

You collected 138 gold pieces.

Inventory:

Hand Weapons
 a - a +0 war axe (weapon)
Missiles
 h - 21 poisoned darts (quivered)
Armour
 b - a +0 scale mail
 c - a +0 kite shield (worn)
 k - a +0 helmet (worn)
 m - a +3 scale mail (worn)
Wands
 s - a wand of iceblast (8)
Scrolls
 g - 2 scrolls of amnesia {unknown}
 j - 5 scrolls of identify {unknown}
 l - 4 scrolls of teleportation {unknown}
 n - a scroll of immolation {unknown}
 p - a scroll of fog {unknown}
 q - 2 scrolls of magic mapping {unknown}
Potions
 e - 2 potions of curing
 f - a potion of brilliance {unknown}
 i - 2 potions of lignification {unknown}
 o - a potion of heal wounds {unknown}
 r - a potion of degeneration {unknown}


   Skills:
 + Level 4.2 Fighting
 * Level 4.4 Axes
 - Level 2.6 Armour
 - Level 2.6 Shields
 + Level 2.0 Invocations


You had 4 spell levels left.
You didn't know any spells.
Your spell library contained the following spells:

 Spells                   Type           Power      Damage    Failure   Level
 Magic Dart               Conj           0%         1d3       99%         1
 Searing Ray              Conj           0%         3d3       100%        2
 Dazzling Flash           Conj/Hex       0%         N/A       100%        3
 Fulminant Prism          Conj/Hex       0%         3d6       100%        4
 Iskenderun's Mystic Bla  Conj/Tloc      0%         2d3       100%        4


Dungeon Overview and Level Annotations

Branches:
Dungeon (5/15)             Temple (1/1) D:4

Altars:
Ashenzari
Cheibriados
Dithmenos
Elyvilon
Gozag
Hepliaklqana
Kikubaaqudgha
Makhleb
Okawaru
Qazlal
Ru
Sif Muna
Vehumet
Wu Jian
Xom
Yredelemnul
Zin
The Shining One


Innate Abilities, Weirdness & Mutations

You are partially covered in thin metallic scales. (AC +2)
Your demonic aura sometimes causes spilled blood to erupt in flames.


Message History

The orc hits you but does no damage.
You take 5 damage, and have 37/42 hp.
You closely miss the orc.
The orc is almost dead.
You closely miss the orc. x2; The orc barely misses you.
The orc hits you with a +2 mace of holy wrath.
You convulse.
The orc hits you but does no damage. x3
You take 11 damage, and have 26/42 hp.
MASSIVE DAMAGE!!
Your scale mail prevents you from hitting the orc.
The orc is almost dead.
You hit the orc. You closely miss the orc. The orc barely misses you.
You block the orc's attack. The orc hits you but does no damage.
You block the orc's attack.
You slash the orc!
You kill the orc!
Okawaru accepts your kill.
You closely miss the orc. You hit the orc but do no damage.
The orc barely misses you. The orc hits you with a +0 short sword.
You take 1 damage, and have 26/42 hp.
You hit the orc.
You kill the orc!
Okawaru accepts your kill.
You barely miss the orc. The orc hits you but does no damage.
You block the orc's attack.
You slash the orc!
You kill the orc!
Okawaru accepts your kill.
No target in view!
No target in view!
No target in view!
No target in view!
No target in view!
Key pressed, stopping explore.
Key pressed, stopping explore.
Items here: )) [[.
Health restored: 42
Things that are here:
a +0 short sword; a +2 leather armour of positive energy; an orc corpse
Things that are here:
a +0 hand axe; a +0 leather armour; an orc corpse Key pressed, stopping explore.
s - a wand of iceblast (8) Key pressed, stopping explore.
Key pressed, stopping explore.
Key pressed, stopping explore.
You pick up a book of Conjurations and begin reading...
You add the spells Magic Dart, Searing Ray, Dazzling Flash, Fulminant Prism and Iskenderun's Mystic Blast to your library.
Key pressed, stopping explore.
Key pressed, stopping explore.
Things that are here:
a +0 scale mail; a +0 dagger
There is a stone staircase leading down here.
There is a stone staircase leading down here.
Found a white marble altar of Elyvilon.
Things that are here:
a +0 short sword; a +2 leather armour of positive energy
Things that are here:
a +0 hand axe; a +0 leather armour
Items here: )) [[.
Done exploring.
Done exploring.
Search for what [Enter for "."]? .
You see here a +0 dagger.
You see here a +0 club.
There is a stone staircase leading down here.
You climb downwards.
An adder comes into view.
The adder hisses angrily.
There is a stone staircase leading up here.
A gargoyle comes into view. It is wielding a +0 morningstar.
The gargoyle hurls a stone arrow at you.
The stone arrow hits you!
You take 14 damage, and have 28/42 hp.
MASSIVE DAMAGE!!
You slash the adder!
The adder is severely wounded.
The adder barely misses you. You block the adder's attack.
You hit the adder but do no damage.
The adder is severely wounded.
The adder bites you. x2
You take 2 damage, and have 26/42 hp.
You closely miss the adder.
The adder is severely wounded.
You hit the gargoyle. You block the adder's attack.
The gargoyle hits you with a +0 morningstar!!
Ouch! That really hurt!
* * * LOW HITPOINT WARNING * * *
The adder bites you.
* * * LOW HITPOINT WARNING * * *
You take 24 damage, and have 2/42 hp.
MASSIVE DAMAGE!!
You are too injured to fight recklessly!
You are too injured to fight recklessly!
You are too injured to fight recklessly!
You are too injured to fight recklessly!
Okay, then.
There is a stone staircase leading up here.
You feel very mighty all of a sudden. The adder bites you but does no damage.
You block the gargoyle's attack.
It was a potion of curing.
You feel better. You block the adder's attack.
The gargoyle hits you with a +0 morningstar!
You die...

####...##
.......
......
..... #...#
#...#
#..°#######
#...9.....#
#..S@####.#
#.......#
#....##.#
####.# #
#.. ###


You could see a gargoyle and an adder.

Vanquished Creatures
  A phantom (D:4)
  An iguana (D:4)
  2 adders
  A worm (D:3)
  3 dart slugs
  12 orcs
  4 endoplasms
  4 giant cockroaches
  4 goblins
  12 hobgoblins
  2 jackals (D:4)
  7 kobolds
  A quokka (D:2)
  6 ball pythons
  8 bats
  5 frilled lizards
  6 rats
79 creatures vanquished.

Vanquished Creatures (others)
  3 withered plants (D:3)
3 creatures vanquished.

Grand Total: 82 creatures vanquished

Notes
Turn   | Place    | Note
-------+----------+-------------------------------------------
     0 | D:1      | SkeletonJelly the Demonspawn Fighter began the quest for
                  | the Orb.
     0 | D:1      | Reached XP level 1. HP: 18/18 MP: 1/1
   286 | D:1      | Gained mutation: You are partially covered in thin metallic
                  | scales. (AC +2) [demonic ancestry]
   286 | D:1      | Reached XP level 2. HP: 23/24 MP: 2/2
   352 | D:1      | Found a faded altar of an unknown god.
  1642 | D:2      | Gained mutation: Your demonic aura sometimes causes spilled
                  | blood to erupt in flames. [demonic ancestry]
  1642 | D:2      | Reached XP level 3. HP: 13/29 MP: 3/3
  2666 | D:3      | Found an ancient bone altar of Kikubaaqudgha.
  2686 | D:3      | Reached XP level 4. HP: 37/37 MP: 4/4
  3272 | D:4      | Found a staircase to the Ecumenical Temple.
  3285 | Temple   | Entered the Ecumenical Temple
  3487 | Temple   | Became a worshipper of Warmaster Okawaru
  3703 | D:4      | Found a stormy altar of Qazlal.
  3723 | D:4      | Reached skill level 1 in Invocations
  3781 | D:4      | Reached XP level 5. HP: 42/42 MP: 5/5
  3930 | D:4      | Noticed a phantom
  3948 | D:4      | Killed a phantom
  4851 | D:5      | Entered Level 5 of the Dungeon
  4852 | D:5      | Noticed a gargoyle
  4855 | D:5      | HP: 2/42 [adder (1)]
  4858 | D:5      | Mangled by a gargoyle

Illustrated notes

Levels and vault maps discovered:
D:1:      mrwooster_arrival_arrow, layout_basic,
          hellmonk_ecumenical_altar_run_dry, minmay_misc_feat_hallway,
          serial_park_tiny_2, minmay_split_cup_large
D:2:      layout_rooms
D:3:      layout_rooms, kiku_gazebo_garden_becter, minivault_23,
          minmay_misc_feat_roman, chequers_serial_rivers_large_b
D:4:      layout_layer_cave, lemuel_doored_altar, elyvilon_altar_1,
          minmay_temple_entry_wispy
D:5:      layout_loops_cross
Temple:   regret_index_temple_generic_petals

Skill      XL: |  1  2  3  4  5 |
---------------+----------------+-----
Axes           | 2 3 4 |  4.4
Fighting       | 4 |  4.2
Invocations    | 1 2 |  2.0
Armour         | |  2.6
Shields        | |  2.6

Action                   |  1- 3 |  4- 6 || total
-------------------------+-------+-------++-------
Melee: War axe           |   156 |   111 ||   267
Throw: Dart              |     4 |       ||     4
  Use: Potion            |       |     2 ||     2
Armor: Scale mail        |   107 |    66 ||   173
Dodge: Dodged            |    52 |    39 ||    91
Block: Kite shield       |    88 |    57 ||   145

Table legend: (Time is in decaauts)
 A = Elapsed time spent in this place.
 B = Non-inter-level travel time spent in this place.
 C = Inter-level travel time spent in this place.
 D = Time resting spent in this place.
 E = Time spent auto-exploring this place.
 F = Levels seen in this place.
 G = Mean time per level.
                   A        B        C        D        E       F      G
               +--------+--------+--------+--------+--------+-----+--------+
         Total |   5043 |   4871 |    172 |      0 |   4096 |   6 |  840.5 |
       Dungeon |   4821 |   4679 |    142 |      0 |   3907 |   5 |  964.2 |
        Temple |    221 |    191 |     30 |      0 |    189 |   1 |  221.0 |
               +--------+--------+--------+--------+--------+-----+--------+

Top non-repeatable levels by time:
     D:4: 1635 daAuts
     D:1: 1554 daAuts
     D:2: 872 daAuts
     D:3: 750 daAuts
  Temple: 221 daAuts
     D:5: 8 daAuts
